 Dungeon Crawl Stone Soup version 0.32-a0-975-g85d4e5bfdb (webtiles) character file.

Game seed: 14845772636413410104

99 Maxmaps the Ruffian (level 4, -20/35 HPs)
             Began as a Demonspawn Shapeshifter on Apr 19, 2024.
             Demolished by an ogre
             ... wielding a +0 giant club
              (32 damage)
             ... on level 3 of the Dungeon.
             The game lasted 00:02:07 (1518 turns).

Maxmaps the Ruffian (Demonspawn Shapeshifter)       Turns: 1518, Time: 00:02:07

Health: -20/35     AC:  2    Str: 15    XL:     4   Next: 45%
Magic:  4/4        EV: 11    Int: 12    God:
Gold:   131        SH:  0    Dex: 12    Spells: 3/3 levels left

rFire   . .          .
                       - Unarmed
rCold   . . .        (no shield)
rNeg    . . .        a - +0 animal skin
rPois   .            (helmet currently unavailable)
rElec   .            (cloak currently unavailable)
rCorr   .            (gloves currently unavailable)
SInv    .            (boots currently unavailable)
Will    .....        (no amulet)
Stlth   +            (no ring)
HPRegen 0.25/turn    (no ring)
MPRegen 0.09/turn

%: no passive effects
@: beast-form
A: beast (slay +1), horns 1, powered by death 2
a: Begin Untransformation


You were on level 3 of the Dungeon.
You were a hulking beast.
You visited 1 branch of the dungeon, and saw 3 of its levels.

You collected 131 gold pieces.

Inventory:

Missiles
 i - 2 throwing nets (quivered)
Armour
 a - a +0 animal skin (worn)
Jewellery
 k - a ring of ice
Talismans
 c - a beast talisman (active)
 d - a flux talisman
Scrolls
 g - 3 scrolls of identify {unknown}
 l - a scroll of fear {unknown}
 m - a scroll of enchant weapon {unknown}
 n - a scroll of immolation {unknown}
 p - a scroll of enchant armour {unknown}
 q - a scroll of vulnerability {unknown}
Potions
 b - a potion of mutation {unknown}
 e - a potion of curing {unknown}
 f - a potion of might {unknown}
 h - 2 potions of enlightenment {unknown}
 j - a potion of attraction {unknown}
 o - a potion of degeneration {unknown}
 r - a potion of heal wounds {unknown}


   Skills:
 - Level 3.0 Fighting
 - Level 1.7 Dodging
 + Level 4.0 Unarmed Combat
 - Level 2.6 Shapeshifting


You had 3 spell levels left.
You didn't know any spells.
Your spell library contained the following spells:

 Spells                   Type           Power      Damage    Failure   Level
 Stone Arrow              Conj/Erth      0%         3d7       69%         3
 Animate Armour           Summ/Erth      0%         N/A       97%         4
 Leda's Liquefaction      Alch/Erth      0%         N/A       97%         4
 Lee's Rapid Deconstruct  Erth           0%         3d4*      100%        5
 Permafrost Eruption      Ice/Erth       0%         2x4d1     100%        6
 Seismic Cannonade        Alch/Erth      0%         6d4       100%        7
 Lehudib's Crystal Spear  Conj/Erth      0%         10d2      100%        8


Dungeon Overview and Level Annotations

Branches:
Dungeon (3/15)

Altars:


Innate Abilities, Weirdness & Mutations

You are a hulking beast.
Your limbs bulge with bestial killing power. (Slay +1)
You have a pair of small horns on your head.
You regenerate health from kills.


Message History

The ribbon worm is almost dead.
The ribbon worm bites you!
You punch the ribbon worm!
You kill the ribbon worm!
HP restored.
You open the door.
There is an open door here.
Found a stone staircase leading down.
g - 3 scrolls labelled KOLU KAVOSAU (gained 1) No target in view!
A rat and a goblin come into view.
The goblin shouts!
The rat squeaks loudly.
There is a stone staircase leading down here.
Found 4 gold pieces.
An ogre comes into view. It is wielding a +0 giant club.
The rat closely misses you.
There are monsters nearby!
You hit the goblin.
The goblin is heavily wounded.
The goblin closely misses you. The rat bites you.
You hit the goblin.
You kill the goblin!
The rat closely misses you.
You closely miss the rat. The rat bites you but does no damage.
You hit the rat but do no damage. You headbutt the rat.
You kill the rat!
Your Unarmed Combat skill increases to level 4!
You hit the ogre but do no damage. The ogre barely misses you.
You barely miss the ogre. You punch the ogre! Your punch misses the ogre.
The ogre is moderately wounded.
The ogre hits you with a +0 giant club!!
Ouch! That really hurt!
You are too injured to fight recklessly!
You are too injured to fight recklessly!
You punch the ogre!
The ogre is heavily wounded.
The ogre hits you with a +0 giant club!!
Ouch! That really hurt!
You die...

#.#.#.##..# ##
#.#.#......
..#####
#.#.#....##
#......
#.#......
.......###
#.....#.
.........#
#.....+
.$.......#
##..####
#.....$†####..##
#..Oh.##...##
#####.>..###
##.### #.# #.#
#.# #.# #.# #.#


You could see an ogre.

Vanquished Creatures
  4 adders (D:2)
  A dart slug (D:1)
  2 ribbon worms
  2 ball pythons (D:1)
  3 endoplasms
  2 giant cockroaches (D:1)
  4 goblins
  4 hobgoblins (D:1)
  12 jackals
  A quokka (D:2)
  6 bats
  2 frilled lizards
  6 kobolds
  3 rats
52 creatures vanquished.

Notes
Turn   | Place    | Note
-------+----------+-------------------------------------------
     0 | D:1      | Maxmaps the Demonspawn Shapeshifter began the quest for the
                  | Orb.
     0 | D:1      | Reached XP level 1. HP: 15/15 MP: 1/1
   169 | D:1      | Gained mutation: You regenerate a little health from kills.
                  | [demonic ancestry]
   169 | D:1      | Reached XP level 2. HP: 21/22 MP: 2/2
   460 | D:1      | Discovered your monstrous ancestry.
   460 | D:1      | Gained mutation: You have a pair of small horns on your
                  | head. [demonic ancestry]
   460 | D:1      | Reached XP level 3. HP: 24/29 MP: 3/3
   771 | D:2      | Reached skill level 3 in Unarmed Combat
  1112 | D:2      | Gained mutation: You regenerate health from kills. [demonic
                  | ancestry]
  1112 | D:2      | Reached XP level 4. HP: 29/35 MP: 4/4
  1509 | D:3      | Noticed an ogre
  1514 | D:3      | Reached skill level 4 in Unarmed Combat
  1518 | D:3      | Demolished by an ogre

Illustrated notes

Levels and vault maps discovered:
D:1:      dpeg_arrival_arbitrary_c, layout_loops_ring, minmay_tromino_v4_b
D:2:      layout_rooms, minivault_14, minmay_ruptured
D:3:      layout_basic

Skill      XL: |  1  2  3  4 |
---------------+-------------+-----
Fighting       | 2 3 |  3.0
Unarmed Combat | 3 4 |  4.0
Dodging        | |  1.7
Shapeshifting  | |  2.6

Action                     |  1- 3 |  4- 6 || total
---------------------------+-------+-------++-------
  Melee: Unarmed           |   136 |    40 ||   176
         Headbutt          |     5 |     3 ||     8
         Punch             |       |     1 ||     1
    Use: Potion            |     1 |       ||     1
   Stab: Sleeping          |     1 |       ||     1
 Armour: Animal skin       |    75 |    24 ||    99
         Skin              |    11 |       ||    11
  Dodge: Dodged            |    95 |    17 ||   112

Table legend: (Time is in decaauts)
 A = Elapsed time spent in this place.
 B = Non-inter-level travel time spent in this place.
 C = Inter-level travel time spent in this place.
 D = Time resting spent in this place.
 E = Time spent auto-exploring this place.
 F = Levels seen in this place.
 G = Mean time per level.
                   A        B        C        D        E       F      G
               +--------+--------+--------+--------+--------+-----+--------+
         Total |   1507 |   1454 |     53 |     70 |   1055 |   3 |  502.3 |
       Dungeon |   1507 |   1454 |     53 |     70 |   1055 |   3 |  502.3 |
               +--------+--------+--------+--------+--------+-----+--------+

Top non-repeatable levels by time:
     D:1: 758 daAuts
     D:2: 607 daAuts
     D:3: 141 daAuts
